 Dungeon Crawl Stone Soup version 0.29-a0-819-g94b489e0ae (webtiles) character file.

Game seed: 8900752306515299373

23 porpoise the Sneak (level 2, 0/24 HPs)
             Began as a Demonspawn Delver on July 7, 2022.
             Succumbed to Robin's poison
             ... on level 2 of the Dungeon.
             The game lasted 00:02:47 (1000 turns).

porpoise the Sneak (Demonspawn Delver)              Turns: 1000, Time: 00:02:48

Health: 0/24       AC:  3    Str: 12    XL:     2   Next: 75%
Magic:  2/2        EV: 11    Int: 11    God:
Gold:   52         SH:  0    Dex: 14    Spells: 1/1 levels left

rFire   . . .      SeeInvis .   a - +0 spear
rCold   . . .      Faith    .   (no shield)
rNeg    . . .      Spirit   .   b - +0 leather armour
rPois   .          Reflect  .   (no helmet)
rElec   .          Harm     .   (no cloak)
rCorr   .          Rampage  .   (no gloves)
Will    .....                   (no boots)
Stlth   ++........              (no amulet)
HPRegen 0.08/turn               (no ring)
MPRegen 0.08/turn               (no ring)

@: lethally poisoned (0 -> -7)
A: powered by death 1
a: no special abilities


You were on level 2 of the Dungeon.
You visited 1 branch of the dungeon, and saw 5 of its levels.

You collected 52 gold pieces.

Inventory:

Hand Weapons
 a - a +0 spear (weapon)
Armour
 b - a +0 leather armour (worn)
Wands
 g - a wand of digging (3)
Scrolls
 c - a scroll of fog
 d - a scroll of magic mapping
 i - a scroll of blinking {unknown}
 j - a scroll of amnesia {unknown}
Potions
 f - a potion of haste
 h - a potion of attraction {unknown}
 k - a potion of magic {unknown}


   Skills:
 + Level 3.3 Fighting
 * Level 2.7 Polearms
 - Level 1.7 Dodging
 - Level 4.5 Stealth


You had one spell level left.
You didn't know any spells.
Your spell library was empty.

Dungeon Overview and Level Annotations

Branches:
Dungeon (5/15)
 Temple: D:4-7

Altars:

Shops:
D:3 ?

Annotations:
D:2 Robin


Innate Abilities, Weirdness & Mutations

You regenerate a little health from kills.


Message History

You kill the goblin!
You hear a shout!
You reach to attack!
The goblin shouts!
You hit Robin but do no damage.
You hear a shout! x2
You reach to attack!
You hit Robin.
Robin is lightly wounded.
Robin closely misses you.
A goblin comes into view. It is wielding a +0 club.
A goblin comes into view. It is wielding a +0 falchion.
You reach to attack!
You barely miss Robin.
Robin is lightly wounded.
Robin barely misses you.
You reach to attack!
You hit Robin.
Robin is moderately wounded.
Robin hits you from afar with a +0 spear of venom.
You are poisoned.
You reach to attack!
You hit Robin.
Robin is severely wounded.
You feel very sick.
Robin roars a battlecry!
The goblins go into a battle-frenzy!
You reach to attack!
You hit Robin but do no damage.
Robin is severely wounded.
You feel sick. Robin throws the goblin at you!
A goblin comes into view. It is wielding a +0 club.
The goblin barely misses you.
You barely miss the goblin.
You feel sick. Robin throws the goblin at you!
The goblin hits you with a +0 dagger. The goblin hits you with a +0 club.
The goblin hits you with a +0 falchion!
* * * LOW HITPOINT WARNING * * *
You are too injured to fight recklessly!
You are too injured to fight recklessly!
Unknown command.
Okay, then.
As you read the scroll of fear, it crumbles to dust.
You assume a fearsome visage.
Robin looks frightened!
The goblin looks frightened! x5
You die...

#.# #)#<####### #.#
##.#))...... #.#
#......###....
#.###......###....
#######.................
.................###...
#.##..♣♣♣........#
.....♣ #♣.....#g# .....♣
♣.....g@# .....♣#
#♣......)g$.....
.###..♣♣♣..#####g#.#....
...........# #g#g# ##
.................. .
.###############.# #. +#
..# '# ... .


You could see Robin (fleeing) and 5 goblins.

Vanquished Creatures
  A ball python (D:1)
  A giant cockroach (D:3)
  8 goblins
  5 hobgoblins
  A jackal (D:3)
  A kobold (D:1)
  A rat (D:1)
18 creatures vanquished.

Notes
Turn   | Place    | Note
-------+----------+-------------------------------------------
     0 | D:5      | porpoise the Demonspawn Delver began the quest for the Orb.
     0 | D:5      | Reached XP level 1. HP: 18/18 MP: 1/1
    49 | D:3      | Found Wuippolir's Magic Scroll Boutique.
   258 | D:1      | Gained mutation: You regenerate a little health from kills.
                  | [demonic ancestry]
   258 | D:1      | Reached XP level 2. HP: 24/24 MP: 2/2
   606 | D:1      | You fall into a shaft and drop 1 floor!
   990 | D:2      | Noticed Robin
  1000 | D:2      | Succumbed to Robin's poison

Illustrated notes

Levels and vault maps discovered:
D:1:      scummos_arrival_simple_fountains, layout_loops_cross
D:2:      layout_basic, kennysheep_flooded_box, minmay_misc_feat_doors,
          minmay_stone_trees_small, uniq_robin
D:3:      layout_loops_corners, nicolae_overflow_quartered_altars, serial_shops,
          shop, shop, nicolae_shop_waterfront, nicolae_shop_hallway_stairs
D:4:      layout_cave_pools, minivault_24, uniq_pikel
D:5:      layout_loops_corners, mainiacjoe_overflow_cross_hatched,
          solitary_fountain, nicolae_elevator_lobby_asterisk

Skill      XL: |  1 |
---------------+----+-----
Polearms       | 2 |  2.7
Fighting       | |  3.3
Dodging        | |  1.7
Stealth        | |  4.5

Action                   || total
-------------------------++-------
Melee: Spear             ||    66
       Punch             ||     2
  Use: Scroll            ||     1
 Stab: Sleeping          ||     2
Armor: Leather armour    ||    11
Dodge: Dodged            ||    33

Table legend: (Time is in decaauts)
 A = Elapsed time spent in this place.
 B = Non-inter-level travel time spent in this place.
 C = Inter-level travel time spent in this place.
 D = Time resting spent in this place.
 E = Time spent auto-exploring this place.
 F = Levels seen in this place.
 G = Mean time per level.
                   A        B        C        D        E       F      G
               +--------+--------+--------+--------+--------+-----+--------+
         Total |    997 |    970 |     27 |    106 |    628 |   5 |  199.4 |
       Dungeon |    997 |    970 |     27 |    106 |    628 |   5 |  199.4 |
               +--------+--------+--------+--------+--------+-----+--------+

Top non-repeatable levels by time:
     D:1: 680 daAuts
     D:2: 168 daAuts
     D:3: 100 daAuts
     D:4: 29 daAuts
     D:5: 19 daAuts
